MLB
OAKLAND ATHLETICS @ CALIFORNIA ANGELS
07/26/2047
 
TOP OF THE 1ST
Oakland Athletics batting - Pitching for California Angels : RHP Harambe Vick
Pitching: RHP Harambe Vick
Batting: SHB Quincy Bradford 0-0: Ball
1-0: SINGLE (Groundball, 6MS, EV 65.0 MPH) (infield hit)
Batting: LHB Joel Kunkler 0-0: Called Strike
0-1: Ball
1-1: Called Strike
1-2: Foul Ball, location: 2F
1-2: Ball
2-2: Strikes out looking
Batting: RHB Randy Shrewsbury 0-0: Fly out, F8 (Line Drive, 8LM, EV 108.8 MPH)
Batting: LHB Sakae Kasahara 0-0: Ball
1-0: Ball
2-0: Foul Ball, location: 2F
2-1: Foul Ball, location: 2F
2-2: Strikes out swinging
Top of the 1st over - 0 runs, 1 hit, 0 errors, 1 left on base; Oakland 0 - California 0
BOTTOM OF THE 1ST
California Angels batting - Pitching for Oakland Athletics : RHP Corbin Schenn
Pitching: RHP Corbin Schenn
Batting: LHB Rusty Ney 0-0: Ball
1-0: Foul Ball, location: 2F
1-1: Swinging Strike
1-2: Ball
2-2: Strikes out swinging
Batting: RHB Luis Romero 0-0: Ground out 4-3 (Groundball, 4, EV 80.6 MPH)
Batting: RHB Alain Delhaye 0-0: Swinging Strike
0-1: Ball
1-1: Swinging Strike
1-2: Strikes out swinging
Bottom of the 1st over - 0 runs, 0 hits, 0 errors, 0 left on base; Oakland 0 - California 0
TOP OF THE 2ND
Oakland Athletics batting - Pitching for California Angels : RHP Harambe Vick
Batting: RHB Muneo Kawachi 0-0: Called Strike
0-1: Ball
1-1: Ball
2-1: Swinging Strike
2-2: Strikes out swinging
Batting: SHB Moe Lester 0-0: Foul Ball, location: 2F
0-1: Ball
1-1: Called Strike
1-2: Ball
2-2: Ball
3-2: Base on Balls
Batting: RHB Edwin Madrid 0-0: Ball
1-0: Called Strike
1-1: Called Strike
Moe Lester steals 2nd base
1-2: Ball
2-2: Ball
3-2: SINGLE (Flyball, 4MD, EV 95.6 MPH)
Moe Lester to third
Runner from 3rd tries for Home, throw by CF and OUT! 8-2
Edwin Madrid to second
Batting: LHB Al Hernandez 0-0: Ball
1-0: Foul Ball, location: 2F
1-1: SINGLE (Line Drive, 6MD, EV 95.6 MPH)
Edwin Madrid to third
Runner from 3rd tries for Home, throw by CF and OUT! 8-2
Top of the 2nd over - 0 runs, 2 hits, 0 errors, 1 left on base; Oakland 0 - California 0
BOTTOM OF THE 2ND
California Angels batting - Pitching for Oakland Athletics : RHP Corbin Schenn
Batting: RHB Preston Deakyne 0-0: Ball
1-0: Foul Ball, location: 2F
1-1: Ball
2-1: Foul Ball, location: 2F
2-2: Ball
3-2: Base on Balls
Batting: RHB Nick Dunn 0-0: Ball
1-0: Ball
2-0: Ball
Preston Deakyne is caught stealing 2nd base 2-4
3-0: Base on Balls
Batting: RHB Bjoern Waltersson 0-0: Foul Ball, location: 2F
0-1: Fly out, F9 (Line Drive, 9S, EV 96.2 MPH)
Batting: LHB Javier Trujillo 0-0: Ball
1-0: Ball
2-0: Called Strike
2-1: Swinging Strike
2-2: Foul Ball, location: 2F
2-2: Foul Ball, location: 2F
2-2: Foul Ball, location: 2F
2-2: TRIPLE (Line Drive, 7D, EV 102.5 MPH)
Nick Dunn scores
Batting: RHB Mike Harkins 0-0: Ball
1-0: Ball
2-0: Ground out 6-3 (Groundball, 6, EV 81.9 MPH)
Bottom of the 2nd over - 1 run, 1 hit, 0 errors, 1 left on base; Oakland 0 - California 1
TOP OF THE 3RD
Oakland Athletics batting - Pitching for California Angels : RHP Harambe Vick
Batting: RHB Nick Gentzel 0-0: Ground out 4-3 (Groundball, 4, EV 105.0 MPH)
Batting: SHB Quincy Bradford 0-0: Swinging Strike
0-1: Ball
1-1: Foul Ball, location: 2F
1-2: Strikes out swinging
Batting: LHB Joel Kunkler 0-0: Ball
1-0: Ball
2-0: Ball
3-0: Called Strike
3-1: Swinging Strike
3-2: Foul Ball, location: 2F
3-2: Strikes out swinging
Top of the 3rd over - 0 runs, 0 hits, 0 errors, 0 left on base; Oakland 0 - California 1
BOTTOM OF THE 3RD
California Angels batting - Pitching for Oakland Athletics : RHP Corbin Schenn
Batting: SHB Johnny Stables 0-0: Called Strike
0-1: Ball
1-1: Ball
2-1: Swinging Strike
2-2: SINGLE (Line Drive, 4MD, EV 99.4 MPH)
Batting: LHB Rusty Ney 0-0: Ball
1-0: Ball
2-0: Called Strike
2-1: Swinging Strike
2-2: Grounds into double play, 6-4-3 (Groundball, 6, EV 105.6 MPH)
Batting: RHB Luis Romero 0-0: Called Strike
0-1: SINGLE (Flyball, 6D, EV 84.4 MPH)
Batting: RHB Alain Delhaye 0-0: Ball
1-0: Ball
2-0: TRIPLE (Flyball, 78XD, EV 94.4 MPH)
Luis Romero scores
Batting: RHB Preston Deakyne 0-0: Ground out U3 (Groundball, 3, EV 81.9 MPH)
Bottom of the 3rd over - 1 run, 3 hits, 0 errors, 1 left on base; Oakland 0 - California 2
TOP OF THE 4TH
Oakland Athletics batting - Pitching for California Angels : RHP Harambe Vick
Batting: RHB Randy Shrewsbury 0-0: Ball
1-0: Ball
2-0: Fly out, F7 (Line Drive, 7LS, EV 88.8 MPH)
Batting: LHB Sakae Kasahara 0-0: Ball
1-0: Called Strike
1-1: Ball
2-1: Called Strike
2-2: Strikes out swinging
Batting: RHB Muneo Kawachi 0-0: Ball
1-0: Called Strike
1-1: Ball
2-1: Ball
3-1: Base on Balls
Batting: SHB Moe Lester 0-0: Ball
Muneo Kawachi steals 2nd base
1-0: Called Strike
1-1: Ball
2-1: Swinging Strike
2-2: Fly out, F8 (Flyball, 8RD, EV 99.4 MPH)
Top of the 4th over - 0 runs, 0 hits, 0 errors, 1 left on base; Oakland 0 - California 2
BOTTOM OF THE 4TH
California Angels batting - Pitching for Oakland Athletics : RHP Corbin Schenn
Batting: RHB Nick Dunn 0-0: Called Strike
0-1: Ball
1-1: Ball
2-1: Called Strike
2-2: Fly out, F9 (Flyball, 9, EV 81.9 MPH)
Batting: RHB Bjoern Waltersson 0-0: Ground out 4-3 (Groundball, 4M, EV 108.1 MPH)
Batting: LHB Javier Trujillo 0-0: Called Strike
0-1: Called Strike
0-2: Ground out 6-3 (Groundball, 6, EV 98.1 MPH)
Bottom of the 4th over - 0 runs, 0 hits, 0 errors, 0 left on base; Oakland 0 - California 2
TOP OF THE 5TH
Oakland Athletics batting - Pitching for California Angels : RHP Harambe Vick
Batting: RHB Edwin Madrid 0-0: SINGLE (Line Drive, 4MD, EV 106.9 MPH)
Batting: LHB Al Hernandez 0-0: Foul Ball, location: 2F
0-1: Foul Ball, location: 2F
0-2: Strikes out swinging
Batting: RHB Nick Gentzel 0-0: Swinging Strike
0-1: Ball
1-1: Ball
2-1: Called Strike
2-2: Foul Ball, location: 2F
2-2: Ball
3-2: SINGLE (Groundball, 6MD, EV 104.4 MPH)
Edwin Madrid to second
Batting: SHB Quincy Bradford 0-0: Called Strike
0-1: Ball
1-1: Ball
2-1: Grounds into double play, 4-6-3 (Groundball, 4, EV 85.0 MPH)
Top of the 5th over - 0 runs, 2 hits, 0 errors, 1 left on base; Oakland 0 - California 2
BOTTOM OF THE 5TH
California Angels batting - Pitching for Oakland Athletics : RHP Corbin Schenn
Batting: RHB Mike Harkins 0-0: Ball
1-0: Swinging Strike
1-1: Ground out 5-3 (Groundball, 56, EV 81.2 MPH)
Batting: SHB Johnny Stables 0-0: Called Strike
0-1: Swinging Strike
0-2: Foul Ball, location: 2F
0-2: Strikes out looking
Batting: LHB Rusty Ney 0-0: Called Strike
0-1: Ball
1-1: Called Strike
1-2: Strikes out looking
Bottom of the 5th over - 0 runs, 0 hits, 0 errors, 0 left on base; Oakland 0 - California 2
TOP OF THE 6TH
Oakland Athletics batting - Pitching for California Angels : RHP Harambe Vick
Batting: LHB Joel Kunkler 0-0: Ball
1-0: Ball
2-0: Ball
3-0: Base on Balls
Batting: RHB Randy Shrewsbury 0-0: Fielders Choice at 2nd, 4-6 (Groundball, 34, EV 108.8 MPH)
Batting: LHB Sakae Kasahara 0-0: Called Strike
0-1: Fly out, F7 (Flyball, 7S, EV 79.4 MPH)
Batting: RHB Muneo Kawachi 0-0: Ball
1-0: Ball
2-0: Foul Ball, location: 2F
2-1: Fly out, F8 (Flyball, 89D, EV 88.8 MPH)
Top of the 6th over - 0 runs, 0 hits, 0 errors, 1 left on base; Oakland 0 - California 2
BOTTOM OF THE 6TH
California Angels batting - Pitching for Oakland Athletics : RHP Corbin Schenn
Batting: RHB Luis Romero 0-0: Ball
1-0: Fly out, F3 (Line Drive, 3, EV 70.6 MPH)
Batting: RHB Alain Delhaye 0-0: Called Strike
0-1: Ground out 5-3 (Groundball, 56S, EV 64.4 MPH)
Batting: RHB Preston Deakyne 0-0: Ball
1-0: Ball
2-0: Foul Ball, location: 2F
2-1: SOLO HOME RUN (Flyball, 7LD, EV 96.9 MPH), Distance : 354 ft
Batting: RHB Nick Dunn 0-0: Foul Ball, location: 2F
0-1: Foul Ball, location: 2F
0-2: Strikes out swinging
Bottom of the 6th over - 1 run, 1 hit, 0 errors, 0 left on base; Oakland 0 - California 3
TOP OF THE 7TH
Oakland Athletics batting - Pitching for California Angels : RHP Harambe Vick
Pitching: RHP Erick Vazquez
Batting: SHB Moe Lester 0-0: Foul Ball, location: 2F
0-1: Ball
1-1: Fly out, F9 (Flyball, 89M, EV 78.1 MPH)
Batting: RHB Edwin Madrid 0-0: Called Strike
0-1: Ball
1-1: Fly out, F8 (Flyball, 78S, EV 86.9 MPH)
Batting: LHB Al Hernandez 0-0: Ball
1-0: Swinging Strike
1-1: Foul Ball, location: 2F
1-2: Strikes out swinging
Top of the 7th over - 0 runs, 0 hits, 0 errors, 0 left on base; Oakland 0 - California 3
BOTTOM OF THE 7TH
California Angels batting - Pitching for Oakland Athletics : RHP Corbin Schenn
Batting: RHB Bjoern Waltersson 0-0: Ball
1-0: Called Strike
1-1: Foul Ball, location: 2F
1-2: Ball
2-2: Foul Ball, location: 2F
2-2: Ball
3-2: Strikes out looking
Batting: LHB Javier Trujillo 0-0: Swinging Strike
0-1: Ball
1-1: Ball
2-1: Swinging Strike
2-2: Strikes out swinging
Batting: RHB Mike Harkins 0-0: SINGLE (Line Drive, 6D, EV 96.2 MPH)
Batting: SHB Johnny Stables 0-0: Ball
1-0: Called Strike
1-1: 2-RUN HOME RUN (Flyball, 9D, EV 96.9 MPH), Distance : 360 ft
Batting: LHB Rusty Ney 0-0: Ball
1-0: Foul Ball, location: 2F
1-1: Called Strike
1-2: Ball
2-2: Strikes out looking
Bottom of the 7th over - 2 runs, 2 hits, 0 errors, 0 left on base; Oakland 0 - California 5
TOP OF THE 8TH
Oakland Athletics batting - Pitching for California Angels : RHP Erick Vazquez
Batting: RHB Nick Gentzel 0-0: Ball
1-0: SOLO HOME RUN (Flyball, 9D, EV 94.4 MPH), Distance : 360 ft
Batting: SHB Quincy Bradford 0-0: Ball
1-0: Called Strike
1-1: SINGLE (Line Drive, 6MD, EV 104.4 MPH)
Batting: LHB Joel Kunkler 0-0: Ball
1-0: Ball
2-0: Foul Ball, location: 2F
2-1: Foul Ball, location: 2F
2-2: Foul Ball, location: 2F
2-2: Strikes out swinging
Batting: RHB Randy Shrewsbury 0-0: Ball
1-0: Called Strike
1-1: Grounds out, U3 (Groundball, 3L, EV 85.6 MPH)
Batting: LHB Sakae Kasahara 0-0: Called Strike
0-1: Called Strike
0-2: Ball
1-2: Ball
2-2: Ball
3-2: Ground out U3 (Groundball, 3L, EV 101.9 MPH)
Top of the 8th over - 1 run, 2 hits, 0 errors, 1 left on base; Oakland 1 - California 5
BOTTOM OF THE 8TH
California Angels batting - Pitching for Oakland Athletics : RHP Corbin Schenn
Pitching: RHP John Owens
Batting: RHB Luis Romero 0-0: Swinging Strike
0-1: Foul Ball, location: 2F
0-2: SINGLE (Groundball, 6MD, EV 96.2 MPH)
Batting: RHB Alain Delhaye 0-0: Called Strike
Luis Romero steals 2nd base
0-1: Foul Ball, location: 2F
0-2: Strikes out looking and he physically ARGUES THE CALL AND IS TOSSED!
Batting: RHB Preston Deakyne 0-0: Called Strike
0-1: Ball
1-1: Fly out, F9 (Flyball, 89S, EV 90.0 MPH)
Batting: RHB Nick Dunn 0-0: Ball
1-0: Ball
2-0: Ball
3-0: Base on Balls
Batting: RHB Bjoern Waltersson 0-0: Ball
1-0: Ball
2-0: Foul Ball, location: 2F
2-1: Fielders Choice at 2nd, 5-4 (Groundball, 56, EV 90.6 MPH)
Bottom of the 8th over - 0 runs, 1 hit, 0 errors, 2 left on base; Oakland 1 - California 5
TOP OF THE 9TH
Oakland Athletics batting - Pitching for California Angels : RHP Erick Vazquez
Pitching: LHP Kyle Worford
Now in LF: Rusty Ney
Now in RF: Micah Miller
Batting: RHB Muneo Kawachi 0-0: Ball
1-0: Ball
2-0: Ball
3-0: Base on Balls
Batting: SHB Moe Lester 0-0: Ball
Wild Pitch!
Muneo Kawachi to second
1-0: Ball
2-0: Fly out, F9 (Flyball, 89M, EV 93.1 MPH)
Batting: RHB Edwin Madrid 0-0: Ball
1-0: Ball
2-0: Ball
3-0: Base on Balls
Batting: LHB Al Hernandez 0-0: Ball
1-0: Foul Ball, location: 2F
1-1: SINGLE (Flyball, 8RS, EV 93.8 MPH)
Muneo Kawachi to third
Edwin Madrid to second
Batting: RHB Nick Gentzel 0-0: Ball
1-0: Called Strike
1-1: Foul Ball, location: 2F
1-2: Strikes out swinging
Pitching: RHP Tyler Keenan
Batting: SHB Quincy Bradford 0-0: Called Strike
0-1: Ball
1-1: Called Strike
1-2: SINGLE (Line Drive, 4MD, EV 95.6 MPH)
Muneo Kawachi scores
Edwin Madrid to third
Al Hernandez to second
Batting: LHB Joel Kunkler 0-0: Ball
1-0: Foul Ball, location: 2F
1-1: Ball
2-1: Foul Ball, location: 2F
2-2: Foul Ball, location: 2F
2-2: Foul Ball, location: 2F
2-2: Ground out 4-3 (Groundball, 4, EV 85.6 MPH)
Top of the 9th over - 1 run, 2 hits, 0 errors, 3 left on base; Oakland 2 - California 5
Thursday, December 15th , 2022 - OOTP Baseball 23.9 Build 102